Map: [ESL] Curious Minds

Players

HeroMarine - Winner!

  • Race: Terran Terran

Reynor

  • Race: Zerg Zerg

Event: IEM Katowice 2022

VOD

Have the link to the VOD?

Description

Time

  • Played on: Feb. 27, 2022, 4:26 a.m.
  • Length: 12:13

All games in this series

Show
View Real Time Build Order
Export as new Build Order

HeroMarine Terran - Winner!

Build Orders: Reaper Expand, Hellion Banshee 

Get SALT Encoding   

  12  0:00  SCV  
  13  0:12  SCV  
  14  0:16  Supply Depot  
  14  0:24  SCV  
  15  0:38  SCV  
  15  0:40  Barracks  
  16  0:42  Refinery  
  16  0:50  SCV  
  17  1:02  SCV  
  18  1:14  SCV  
  19  1:27  Reaper, Orbital Command  
  20  1:39  Command Center  
  20  1:49  Supply Depot  
  20  1:53  SCV  
  21  1:59  Marine  
  22  2:05  SCV  
  22  2:08  Factory  
  23  2:17  SCV  
  23  2:20  Barracks Reactor  
  24  2:29  SCV  
  25  2:41  SCV  
  25  2:42  Command Center  
  26  2:52  Orbital Command  
  26  2:53  SCV  
  27  3:02  Starport  
  27  3:05  SCV  
  27  3:06  Refinery  
  27  3:11  Hellion  
  30  3:15  Hellion  
  30  3:17  SCV  
  33  3:20  SCV  
  33  3:22  Barracks Tech Lab  
  34  3:30  SCV  
  34  3:32  SCV, Hellion  
  38  3:37  Hellion  
  40  3:42  SCV  
  40  3:44  SCV  
  40  3:47  Banshee  
  45  3:55  Cloaking Field, Orbital Command  
  45  3:57  Hellion  
  45  3:59  Hellion  
  45  4:00  SCV  
  45  4:02  SCV  
  51  4:05  Marine  
  52  4:11  Supply Depot  
  52  4:13  SCV  
  52  4:14  SCV  
  54  4:22  Hellion x2  
  58  4:25  SCV, Barracks Tech Lab  
  58  4:27  SCV  
  58  4:29  SCV  
  61  4:32  Banshee  
  61  4:34  Supply Depot  
  61  4:37  SCV  
  65  4:39  SCV  
  65  4:41  SCV  
  65  4:44  Barracks  
  67  4:46  Stimpack  
  67  4:48  Barracks  
  67  4:51  Factory Reactor  
  67  4:52  SCV  
  68  4:54  Supply Depot  
  68  4:56  SCV  
  68  4:57  SCV  
  68  4:58  Marine  
  71  5:04  SCV  
  71  5:06  Refinery  
  72  5:08  SCV  
  72  5:09  SCV, Engineering Bay  
  72  5:10  Engineering Bay  
  74  5:16  Marine  
  74  5:17  Refinery  
  74  5:20  SCV x2  
  78  5:21  SCV  
  78  5:24  Starport Reactor  
  78  5:32  SCV x2  
  78  5:33  SCV  
  78  5:34  Marine  
  82  5:35  Supply Depot  
  82  5:36  Terran Infantry Armor Level 1, Terran Infantry Weapons Level 1  
  82  5:37  Supply Depot  
  82  5:44  SCV  
  82  5:45  SCV  
  82  5:47  Orbital Command  
  82  5:49  Barracks  
  84  5:50  Barracks  
  84  5:55  Marine  
  85  5:57  SCV x2, Marine x4  
  85  6:01  Medivac  
  90  6:05  Medivac  
  90  6:07  Siege Tank  
  90  6:09  SCV  
  96  6:12  SCV  
  96  6:17  Supply Depot  
  98  6:19  Supply Depot  
  98  6:21  SCV  
  98  6:22  Marine  
  98  6:23  Marine x2  
  101  6:31  Supply Depot x2  
  101  6:38  Marine x2, Medivac, Combat Shield  
  101  6:39  Marine  
  105  6:40  Siege Tank  
  105  6:41  Marine x2  
  111  6:51  Barracks Reactor x2  
  111  6:53  Barracks  
  111  6:54  Barracks  
  111  6:55  Barracks  
  111  6:56  Marine x2  
  113  7:01  Refinery  
  113  7:02  Supply Depot, Marine x2  
  113  7:03  Supply Depot, Marine  
  113  7:06  Medivac  
  118  7:13  Siege Tank  
  118  7:14  Marine x2  
  123  7:19  Supply Depot  
  123  7:20  Supply Depot, Marine x3  
  123  7:22  Armory  
  126  7:29  Marine x3  
  127  7:32  SCV x2, Marine x2  
  127  7:34  Marine  
  127  7:36  Medivac  
  134  7:37  Medivac  
  134  7:38  Marine x3  
  134  7:40  Marine  
  134  7:42  Marine  
  141  7:44  Marine  
  141  7:47  Marine x3  
  141  7:50  Marine x2  
  147  7:52  Marine  
  147  7:56  Marine x3, Siege Tank  
  154  7:58  Marine  
  154  8:00  Marine  
  154  8:02  Marine  
  154  8:04  Marine  
  154  8:05  Supply Depot, Marine x2  
  160  8:07  Marine x2  
  160  8:10  Supply Depot x2, Marine  
  160  8:11  Supply Depot  
  163  8:13  Marine  
  163  8:14  Marine  
  165  8:26  Marine x8  
  173  8:28  Marine x2  
  173  8:31  Marine x2, Siege Tank  
  173  8:32  Terran Infantry Weapons Level 2  
  175  8:44  Marine x8  
  175  8:46  Marine x2  
  154  8:49  Marine x2  
  125  9:02  Marine x8, Liberator x2  
  134  9:03  Siege Tank  
  134  9:04  Marine x2  
  134  9:07  Marine x2  
  134  9:09  Terran Infantry Armor Level 2  
  141  9:19  Marine x8  
  141  9:22  Marine x2  
  151  9:25  Marine x2  
  151  9:26  Factory  
  153  9:35  Siege Tank  
  153  9:37  Marine x8  
  163  9:43  Marine  
  163  9:44  Marine x3, Liberator x2  
  171  9:55  Marine x5  
  174  10:04  Marine x3  
  174  10:07  Marine x4  
  177  10:10  Factory Tech Lab  
  177  10:13  Marine x4  
  183  10:15  Marine  
  183  10:16  Siege Tank  
  187  10:22  Marine x3  
  187  10:24  Marine  
  187  10:25  Marine x2  
  187  10:27  Medivac x2  
  194  10:29  Siege Tank  
  197  10:51  Marine  
  197  10:52  Marine x2  
  197  10:53  Marine x6, Siege Tank  
  197  10:55  Marine x3  
  197  11:08  Siege Tank  
  197  11:09  Marine, Liberator  
  197  11:10  Marine x4  
  197  11:11  Marine  
  197  11:14  Marine x6  
  193  11:26  Siege Tank  
  193  11:27  Marine  
  197  11:39  Marine  
  197  11:40  Marine  
  197  11:42  Marine  
  197  11:43  Marine x2  
  197  11:44  Marine x3  
  197  11:45  Marine  
  197  11:46  Marine x2  
  196  11:50  Marine  
Show
View Real Time Build Order
Export as new Build Order

Reynor Zerg 

Build Orders: Hatch First 

Get SALT Encoding   

  12  0:00  Drone  
  13  0:12  Overlord  
  13  0:17  Drone  
  14  0:30  Drone x2  
  16  0:47  Hatchery  
  15  0:50  Drone  
  15  0:54  Drone  
  17  0:58  Drone  
  18  1:08  Extractor  
  17  1:13  Spawning Pool  
  17  1:15  Drone  
  17  1:18  Drone  
  18  1:27  Drone  
  19  1:38  Drone  
  20  1:48  Overlord  
  20  1:59  Queen x2  
  20  2:00  Zergling x4  
  26  2:10  Drone x2  
  28  2:21  Drone x2  
  30  2:28  Hatchery  
  29  2:34  Drone x2  
  31  2:38  Spore Crawler  
  31  2:40  Metabolic Boost  
  31  2:45  Drone, Overlord  
  32  2:53  Drone x2  
  32  2:57  Queen  
  36  3:04  Drone x2  
  38  3:10  Queen  
  40  3:14  Overlord  
  40  3:16  Drone x2  
  40  3:17  Drone  
  44  3:20  Drone  
  44  3:28  Overlord  
  44  3:32  Drone  
  44  3:34  Queen  
  45  3:35  Drone  
  45  3:38  Drone  
  45  3:39  Drone  
  50  3:42  Queen  
  50  3:47  Drone  
  53  3:51  Zergling x4  
  55  3:57  Overlord  
  55  3:59  Queen  
  55  4:00  Drone  
  58  4:04  Zergling x2  
  58  4:06  Drone x2, Overlord  
  58  4:08  Drone  
  62  4:12  Drone  
  62  4:14  Overlord  
  63  4:19  Drone x2  
  63  4:20  Queen  
  63  4:22  Overlord  
  67  4:25  Drone x2  
  67  4:27  Drone  
  67  4:29  Queen  
  72  4:35  Overlord  
  72  4:36  Lair  
  72  4:43  Spore Crawler  
  72  4:44  Spore Crawler, Baneling Nest  
  68  4:46  Spore Crawler, Extractor  
  68  4:47  Drone  
  68  4:49  Drone  
  68  4:50  Drone x2  
  70  4:53  Drone  
  70  4:55  Drone x2  
  70  4:56  Drone  
  70  4:58  Drone  
  75  5:04  Zergling x6  
  75  5:06  Drone  
  75  5:07  Drone x3  
  81  5:10  Queen  
  84  5:16  Drone x5  
  84  5:19  Drone x2  
  91  5:21  Overlord  
  91  5:26  Drone x2  
  92  5:29  Queen  
  92  5:33  Extractor x2  
  92  5:36  Drone  
  92  5:39  Centrifugal Hooks  
  92  5:40  Overseer  
  93  5:45  Zergling x2  
  93  5:47  Hatchery  
  92  6:00  Drone x4  
  92  6:02  Drone x2  
  96  6:05  Evolution Chamber x2  
  96  6:07  Drone x2  
  96  6:09  Queen  
  98  6:17  Spore Crawler  
  97  6:19  Spore Crawler, Drone x8  
  97  6:20  Drone  
  97  6:21  Overlord  
  97  6:22  Overlord x2  
  97  6:24  Overseer  
  105  6:28  Overlord  
  105  6:32  Zergling x2  
  105  6:34  Spore Crawler  
  105  6:35  Overseer  
  105  6:38  Zerg Ground Armor Level 1, Zerg Melee Weapons Level 1  
  105  6:39  Zergling x2  
  105  6:41  Zergling x6  
  105  6:42  Zergling x8  
  112  6:50  Zergling x2  
  112  6:53  Zergling x4  
  115  6:56  Baneling x5  
  115  6:58  Overlord  
  115  7:02  Hatchery  
  115  7:03  Zergling x12  
  115  7:07  Queen  
  122  7:11  Zergling x4  
  122  7:15  Drone x2  
  125  7:16  Drone x2  
  125  7:18  Zergling x8  
  125  7:19  Spore Crawler  
  125  7:21  Zergling x4  
  132  7:28  Baneling  
  132  7:29  Baneling x17  
  134  7:30  Zergling x4  
  134  7:33  Zergling x8  
  134  7:35  Zergling x4  
  140  7:38  Zergling x2  
  140  7:41  Overlord  
  141  7:44  Zergling x4  
  143  7:51  Overlord  
  143  7:56  Zergling x2  
  141  7:58  Overlord  
  141  8:00  Zergling x16  
  141  8:04  Infestation Pit  
  146  8:06  Overlord  
  146  8:12  Zergling x12  
  152  8:18  Zergling x2  
  153  8:21  Baneling x13  
  153  8:22  Zergling x4  
  153  8:26  Zergling x2  
  156  8:29  Zergling x4  
  156  8:33  Baneling x4  
  158  8:35  Zergling x18  
  158  8:37  Zergling x6  
  170  8:42  Zergling x2  
  149  8:49  Zergling x6  
  149  8:53  Zerg Ground Armor Level 2  
  149  8:54  Zerg Melee Weapons Level 2  
  134  8:56  Zergling x4  
  134  8:57  Zergling x4  
  134  9:02  Zergling x4  
  136  9:03  Zergling x2  
  136  9:05  Zergling x4  
  136  9:08  Hive  
  137  9:11  Baneling x7  
  137  9:13  Drone x2  
  137  9:15  Extractor  
  137  9:16  Baneling x2  
  138  9:17  Zergling x6  
  138  9:22  Drone x2  
  143  9:24  Drone x2, Extractor  
  143  9:25  Queen  
  143  9:29  Zergling x8  
  150  9:33  Drone x2  
  150  9:35  Overlord  
  147  9:46  Zergling x24  
  147  9:51  Drone x2  
  150  9:54  Drone  
  150  9:55  Drone x2  
  150  9:59  Drone x3  
  156  10:00  Hydralisk Den  
  156  10:02  Zergling x4  
  156  10:05  Drone  
  158  10:07  Extractor  
  158  10:08  Extractor  
  158  10:10  Zergling x8  
  158  10:11  Queen  
  158  10:13  Drone x2  
  157  10:17  Zergling x6  
  157  10:20  Baneling  
  157  10:21  Baneling x14  
  160  10:22  Zergling x4  
  160  10:26  Zergling x2  
  160  10:30  Overlord  
  160  10:31  Zergling x4  
  160  10:32  Zergling x10  
  165  10:40  Spore Crawler  
  165  10:41  Drone x6  
  164  10:43  Baneling x12  
  164  10:44  Zergling x10  
  164  10:46  Viper x2  
  175  10:50  Zergling x2  
  175  10:54  Queen x3  
  175  10:56  Zergling x6  
  175  11:00  Zergling x10  
  180  11:07  Zergling x4  
  180  11:09  Baneling  
  180  11:10  Baneling x9, Zergling x2  
  180  11:11  Zergling x16  
  179  11:12  Zergling x4  
  179  11:14  Queen  
  179  11:15  Zergling x4  
  179  11:23  Zergling x6  
  171  11:26  Zergling x10  
  171  11:27  Queen  
  171  11:30  Baneling x18, Queen x2  
  172  11:35  Zergling x8  
  172  11:39  Zergling x2  
  174  11:43  Zergling x2  
  150  11:49  Zergling x8  
  150  11:54  Zergling x2  
  122  11:55  Zergling x2  

Tags
 
Add a new tag
Caveats
  • Supply blocks, unpowered buildings, or Contaminate may cause inaccurate times.
  • Supply counts are checked every 10 seconds.